 Dungeon Crawl Stone Soup version 0.32-a0-918-g0f22ef8d61 (webtiles) character file.

Game seed: 12455326437188047130

(classic levelgen) 429 andrew the Slasher (level 6, -1/43 HPs)
             Began as a Merfolk Gladiator on Apr 12, 2024.
             Was a Follower of Hepliaklqana.
             Slain by a gnoll
             ... wielding a +0 halberd
             ... led by a gnoll bouda
              (6 damage)
             ... on level 4 of the Dungeon.
             The game lasted 00:15:00 (2951 turns).

andrew the Slasher (Merfolk Gladiator)              Turns: 2951, Time: 00:15:01

Health: -1/43      AC: 14    Str: 15    XL:     6   Next: 98%
Magic:  8/8        EV: 16    Int:  7    God:    Hepliaklqana [*.....]
Gold:   153        SH:  0    Dex: 17    Spells: 5/5 levels left

rFire   . . .        a - +0 great sword
rCold   . . .        (shield currently unavailable)
rNeg    . . .        f - +3 ring mail {rPois}
rPois   +            g - +0 helmet
rElec   .            o - +0 cloak
rCorr   .            n - +2 pair of gloves
SInv    .            (no boots)
Will    .....        (no amulet)
Stlth   +            m - ring of flight
HPRegen 0.27/turn    u - +5 ring of evasion
MPRegen 0.11/turn

%: no passive effects
@: flying
A: reduced essence, (nimble swimmer 2), mertail
a: Renounce Religion, Recall Ancestor, Ancestor Identity


You were on level 4 of the Dungeon.
You worshipped Hepliaklqana.
Hepliaklqana was aware of your devotion.
You visited 1 branch of the dungeon, and saw 4 of its levels.

You collected 153 gold pieces.

Inventory:

Hand Weapons
 a - a +0 great sword (weapon)
 b - a +0 rapier
 p - a +0 long sword
Missiles
 c - 30 stones
 d - 3 throwing nets (quivered)
 e - a javelin
Armour
 f - a +3 ring mail of poison resistance (worn)
 g - a +0 helmet (worn)
 n - a +2 pair of gloves (worn)
 o - a +0 cloak (worn)
Jewellery
 m - a ring of flight (left hand)
 u - a +5 ring of evasion (right hand)
Wands
 w - a wand of flame (4)
Scrolls
 k - a scroll of poison
 q - a scroll of revelation
 v - a scroll of teleportation
Potions
 h - a potion of berserk rage {unknown}
 i - a potion of degeneration {unknown}
 j - a potion of heal wounds {unknown}
 l - a potion of brilliance {unknown}
 s - a potion of attraction {unknown}
 t - 3 potions of curing


   Skills:
 - Level 4.0 Fighting
 - Level 5.1 Long Blades
 - Level 2.0 Throwing
 + Level 3.2 Armour
 - Level 4.0 Dodging
 - Level 2.8 Invocations


You had 5 spell levels left.
You didn't know any spells.
Your spell library contained the following spells:

 Spells                   Type           Power      Damage    Failure   Level
 Call Imp                 Summ           0%         N/A       80%         2
 Sublimation of Blood     Necr           0%         N/A       80%         2
 Summon Hydra             Summ           0%         N/A       100%        7


Dungeon Overview and Level Annotations

Branches:
Dungeon (4/15) Zot: 20971
 Temple: D:4-7

Altars:
Hepliaklqana


Innate Abilities, Weirdness & Mutations

Your life essence is reduced to manifest your ancestor. (-10% HP)
((You are very nimble when in or above water. (Stealth+, EV+, Speed+++)))
Your lower body shifts to a powerful aquatic tail in water.


Message History

You barely miss the gnoll.
Hahi hits the gnoll.
The gnoll barely misses you. x2
The gnoll closely misses you. The gnoll misses you.
Hahi hits the gnoll.
You barely miss the gnoll. The gnoll closely misses you.
The gnoll completely misses you. x2; The gnoll hits you with a +0 falchion.
Hahi hits the gnoll.
The gnoll barely misses Hahi. x2
The gnoll hits you from afar with a +0 halberd.
* * * LOW HITPOINT WARNING * * *
You barely miss the gnoll.
The gnoll is severely wounded.
The gnoll is no longer moving quickly.
The gnoll misses you.
Hahi hits the gnoll.
The gnoll closely misses Hahi.
The gnoll barely misses you. x2; The gnoll hits you with a +0 falchion.
* * * LOW HITPOINT WARNING * * *
Hahi hits the gnoll but does no damage.
You hit the gnoll.
You kill the gnoll!
The gnoll closely misses you. x2; The gnoll hits you with a +0 falchion!
* * * LOW HITPOINT WARNING * * *
Hahi hits the gnoll but does no damage.
The gnoll barely misses you.
You feel better. The gnoll misses you. The gnoll hits you with a +0 falchion.
* * * LOW HITPOINT WARNING * * *
Hahi hits the gnoll.
The gnoll is no longer moving quickly.
The gnoll misses you.
Hahi hits the gnoll.
The gnoll dies!
The gnoll completely misses you.
Your life force feels restored.
You barely miss the gnoll.
The gnoll is no longer moving quickly.
The gnoll closely misses you. The gnoll barely misses you.
The gnoll closely misses you.
Hahi hits the gnoll.
You closely miss the gnoll.
The gnoll is heavily wounded.
The gnoll misses you. The gnoll hits you with a +0 halberd.
* * * LOW HITPOINT WARNING * * *
Hahi hits the gnoll.
You slash the gnoll!
You kill the gnoll!
The gnoll hits you with a +0 halberd.
You die...
Hepliaklqana delivers you to your ancestors.

#.. .. ##### .. ..... ...
..... ... ####.... ..#
...####... ........ ...
.......... #.....#
......... #.....#
#######.......
.....####.[.<†....###
###.......)).g.....#
#..........R@......###
#...........$..........
#...........!#.#.......
#............#.##......
#............#.# ....##
#))............# ......
....................#
...##
.........##.............#.
.........########...##


You could see the friendly Hahi the ancestor and a gnoll (ally target).

Vanquished Creatures
  Dowan (D:4)
  2 gnoll boudas
  A bombardier beetle (D:4)
  An iguana (D:4)
  2 gnolls (D:4)
  4 adders
  A white imp (D:3)
  2 dart slugs
  A ribbon worm (D:3)
  4 orcs
  7 endoplasms
  9 giant cockroaches
  12 goblins
  5 hobgoblins
  2 jackals (D:1)
  6 kobolds
  3 quokkas
  5 ball pythons
  4 bats
  5 frilled lizards
  11 rats
88 creatures vanquished.

Vanquished Creatures (collateral kills)
  An orc priest (D:4)
  A gnoll (D:4)
  3 orcs (D:4)
  A ball python (D:4)
  A frilled lizard (D:3)
  2 rats (D:3)
9 creatures vanquished.

Vanquished Creatures (others)
  Duvessa (D:4)
  An ancestor (D:4)
2 creatures vanquished.

Grand Total: 99 creatures vanquished

Notes
Turn   | Place    | Note
-------+----------+-------------------------------------------
     0 | D:1      | andrew the Merfolk Gladiator began the quest for the Orb.
     0 | D:1      | Reached XP level 1. HP: 16/16 MP: 1/1
    58 | D:1      | Reached XP level 2. HP: 21/23 MP: 2/2
   474 | D:1      | Reached XP level 3. HP: 28/30 MP: 3/3
   914 | D:1      | Reached skill level 4 in Long Blades
  1127 | D:2      | Reached XP level 4. HP: 31/37 MP: 4/4
  1678 | D:2      | Reached skill level 5 in Long Blades
  1948 | D:3      | Found a faded altar of an unknown god.
  2041 | D:3      | Prayed at the altar of an unknown god.
  2041 | D:3      | Became a worshipper of Hepliaklqana the Forgotten
  2041 | D:3      | Reached * piety under Hepliaklqana
  2147 | D:3      | Reached skill level 1 in Invocations
  2185 | D:3      | Reached XP level 5. HP: 37/37 MP: 4/6
  2678 | D:4      | Noticed Dowan
  2727 | D:4      | Noticed Duvessa
  2741 | D:4      | Killed Duvessa
  2742 | D:4      | Reached skill level 1 in Armour
  2742 | D:4      | Reached XP level 6. HP: 23/43 MP: 8/8
  2828 | D:4      | Killed Dowan
  2946 | D:4      | HP: 2/42 [gnoll/+0 falchion[a gnoll bouda] (7)]
  2951 | D:4      | Slain by a gnoll

Illustrated notes

Levels and vault maps discovered:
D:1:      lightli_arrival_maybe_door_vault, layout_basic,
          minmay_rat_gold_closets
D:2:      minmay_general_purpose_star, layout_loops_corners, st_stairs_11,
          chequers_serial_rivers_small_b, dk_noncrumbling_4
D:3:      layout_basic, serial_glass, glass_columns_a, glass_columns_b,
          ebering_ecumenical_altar_rust, corner_web_ring, minmay_puff
D:4:      layout_basic, okawaru_ov_weapons_minmay, hex_intersection,
          nrook_campfire, uniq_duvessa

Skill      XL: |  1  2  3  4  5  6 |
---------------+-------------------+-----
Fighting       | 3 4 |  4.0
Long Blades    | 4 5 |  5.1
Invocations    | 1 2 |  2.8
Armour         | 1 3 |  3.2
Throwing       | |  2.0
Dodging        | |  4.0

Action                     |  1- 3 |  4- 6 || total
---------------------------+-------+-------++-------
  Melee: Long sword        |   117 |       ||   117
         Great sword       |       |   116 ||   116
 Invoke: Recall Ancestor   |       |     1 ||     1
    Use: Scroll            |     3 |     3 ||     6
         Potion            |       |     2 ||     2
   Stab: Sleeping          |     2 |       ||     2
         Distracted        |       |     1 ||     1
         Invisible         |       |     1 ||     1
 Armour: Leather armour    |    57 |    40 ||    97
         Ring mail         |       |    49 ||    49
  Dodge: Dodged            |    67 |    93 ||   160

Table legend: (Time is in decaauts)
 A = Elapsed time spent in this place.
 B = Non-inter-level travel time spent in this place.
 C = Inter-level travel time spent in this place.
 D = Time resting spent in this place.
 E = Time spent auto-exploring this place.
 F = Levels seen in this place.
 G = Mean time per level.
                   A        B        C        D        E       F      G
               +--------+--------+--------+--------+--------+-----+--------+
         Total |   3027 |   2784 |    243 |    338 |   1515 |   4 |  756.8 |
       Dungeon |   3027 |   2784 |    243 |    338 |   1515 |   4 |  756.8 |
               +--------+--------+--------+--------+--------+-----+--------+

Top non-repeatable levels by time:
     D:2: 1144 daAuts
     D:1: 907 daAuts
     D:3: 791 daAuts
     D:4: 184 daAuts
